 Dungeon Crawl Stone Soup version 0.29.1-2-gbd0b4ee654 (webtiles) character file.

Game seed: 14985917251464791596

12 gregunderscorem the Ducker (level 2, 0/21 HPs)
             Began as an Octopode Fighter on Nov 18, 2022.
             Constricted to death by a ball python (1 damage)
             ... on level 1 of the Dungeon.
             The game lasted 00:00:53 (296 turns).

gregunderscorem the Ducker (Octopode Fighter)        Turns: 296, Time: 00:00:53

Health: 0/21       AC:  1    Str: 15    XL:     2   Next: 33%
Magic:  2/2        EV: 10    Int: 10    God:
Gold:   28         SH:  4    Dex: 11    Spells: 1/1 levels left

rFire   . . .      SeeInvis .   a - +0 rapier
rCold   . . .      Faith    .   b - +0 buckler
rNeg    . . .      Spirit   .   (helmet restricted)
rPois   .          Reflect  .   (no amulet)
rElec   .          Harm     .   (no ring)
rCorr   .          Rampage  .   (no ring)
Will    .....                   (no ring)
Stlth   +++.......              (no ring)
HPRegen 0.07/turn               (no ring)
MPRegen 0.08/turn               (no ring)
                                (no ring)
                                (no ring)

@: mighty, constricted
A: almost no armour, amphibious, 8 rings, camouflage 1, gelatinous body 1,
(nimble swimmer 1), tentacles
a: no special abilities


You were on level 1 of the Dungeon.
You visited 1 branch of the dungeon, and saw 1 of its levels.

You collected 28 gold pieces.

Inventory:

Hand Weapons
 a - a +0 rapier (weapon)
Armour
 b - a +0 buckler (worn)
Scrolls
 d - a scroll of brand weapon {unknown}


   Skills:
 - Level 3.0 Fighting
 + Level 2.3 Short Blades
 + Level 3.2 Dodging
 + Level 1.4 Stealth
 - Level 3.0 Shields


You had one spell level left.
You didn't know any spells.
Your spell library contained the following spells:

 Spells                   Type           Power      Damage    Failure   Level
 Slow                     Hex            0%         N/A       45%         1
 Confusing Touch          Hex            0%         N/A       83%         3
 Vampiric Draining        Necr           0%         2d6       83%         3


Dungeon Overview and Level Annotations

Branches:
Dungeon (1/15)

Altars:


Innate Abilities, Weirdness & Mutations

You cannot wear most types of armour.
You are amphibious.
You can wear up to eight rings at the same time.
Your skin changes colour to match your surroundings (Stealth+).
Your rubbery body absorbs attacks. (AC +1, EV +1)
((You are camouflaged when in or above water. (Stealth+)))
You have tentacles for arms and can constrict up to eight enemies at once.


Message History

You start resting.
HP restored.
d - a scroll labelled MEUGRU ZYNICZI
Found a large runed translucent door.
The orc shouts!
You hear a shout! x3; The orc shouts! x3
No reachable target in view!
The ball python hisses angrily.
You hear a shout!
Found 9 gold pieces.
The gnoll shouts!
The goblin shouts!
The orc shouts!
The orc shouts! x2
The orc roars loudly, as Orcs often do.
You now have 19 gold pieces (gained 9).
You now have 28 gold pieces (gained 9).
Okay, then.
You feel very mighty all of a sudden.
You open the large door. You puncture the orc!
You kill the orc!
You barely miss the orc. Your grab misses the orc. Your squeeze misses the orc.
The orc misses you. The orc hits you with a +0 club.
You closely miss the orc. Your grab misses the orc.
The orc barely misses you. x2
You hit the orc. Your grab misses the orc.
The orc is lightly wounded.
The orc barely misses you. x2; The orc hits you with a +0 falchion.
You puncture the orc!
You kill the orc!
The orc hits you with a +0 club. The orc hits you with a +0 dagger.
You barely miss the orc. You grab the orc. You constrict the orc.
The orc misses you. The orc hits you with a +0 dagger.
The orc hits you with a +0 club.
* * * LOW HITPOINT WARNING * * *
The orc suddenly cheers.
The orc misses you. You block the orc's attack. x2
You hit the orc.
You kill the orc!
The orc hits you with a +0 club.
* * * LOW HITPOINT WARNING * * *
The ball python misses you. The ball python grabs you.
The ball python constricts you.
You die...

######################
..............#.....##
########..#...#....#...
#.... ##..##....##...#
#...o#####...#...#.....
#..o.#@#.8.........#...
#...oooS......##..#..#.
#..rgow.............#..
#....#.#.8.....)##.....
#....#####.....#รท.....#
#.... ....#...##..#.
#### ...##..#..#...
..#.......##.#
.#.#.##..#..#


You could see a gnoll, a dart slug, 4 orcs, a ball python and a rat.

Vanquished Creatures
  A dart slug (D:1)
  3 orcs (D:1)
  A bat (D:1)
  2 goblins (D:1)
  A hobgoblin (D:1)
  A rat (D:1)
9 creatures vanquished.

Notes
Turn   | Place    | Note
-------+----------+-------------------------------------------
     0 | D:1      | gregunderscorem the Octopode Fighter began the quest for
                  | the Orb.
     0 | D:1      | Reached XP level 1. HP: 16/16 MP: 1/1
    44 | D:1      | Reached skill level 1 in Stealth
    44 | D:1      | Reached XP level 2. HP: 9/21 MP: 2/2
   277 | D:1      | Found a large runed translucent door.
   277 | D:1      | Found a large runed translucent door.
   296 | D:1      | HP: 1/21 [orc/+0 club (5)]
   296 | D:1      | Constricted to death by a ball python

Illustrated notes

Levels and vault maps discovered:
D:1:      erik_arrival_cave_to_civilisation [erik_arrival_cave_to_temple],
          layout_loops_ring, ebering_ecumenical_altar_abandoned

Skill      XL: |  1 |
---------------+----+-----
Stealth        | 1 |  1.4
Fighting       | |  3.0
Short Blades   | |  2.3
Dodging        | |  3.2
Shields        | |  3.0

Action                   || total
-------------------------++-------
Melee: Rapier            ||    19
       Constrict         ||     5
       Tentacles         ||     2
  Use: Potion            ||     1
Armor: Skin              ||     1
Dodge: Dodged            ||    27
Block: Buckler           ||     7
